 Dungeon Crawl Stone Soup version 0.27-a0-1177-g245c70e1c0 (webtiles) character file.

Game seed: 5991265269939529152

119 bilbop the Magician (level 5, -1/37 HPs)
             Began as a Djinni Venom Mage on May 16, 2021.
             Slain by a hobgoblin (3 damage)
             ... led by Robin
             ... on level 2 of the Dungeon.
             The game lasted 00:20:33 (3324 turns).

bilbop the Magician (Djinni Venom Mage)             Turns: 3324, Time: 00:20:33

Health: -1/37      AC:  3    Str:  7    XL:     5   Next: 24%
Gold:   119        EV: 11    Int: 17    God:
                   SH:  0    Dex: 14

rFire    + + .     SeeInvis +   i - +2 dagger (venom)
rCold    x . .     Faith    .   (no shield)
rNeg     . . .     Spirit   .   o - +0 leather armour
rPois    ∞         Reflect  .   (no helmet)
rElec    .         Harm     .   (no cloak)
rCorr    .         Rampage  .   (no gloves)
Will     .....                  (boots unavailable)
Stlth    ++........             n - amulet of regeneration
HPRegen  1.12/turn              c - ring of see invisible
MPRegen  0.00/turn              (no ring)

@: flying
A: sickness immunity, fire resistance 2, cold vulnerability 1, float, innate
caster, hp casting, extra vitality 1
a: no special abilities


You were on level 2 of the Dungeon.
You visited 1 branch of the dungeon, and saw 3 of its levels.

You collected 119 gold pieces.

Inventory:

Hand Weapons
 b - a +0 dagger
 i - a +2 dagger of venom (weapon)
 j - a +0 hunting sling
Missiles
 e - 99 stones
 k - 15 sling bullets
Armour
 a - a +0 robe
 o - a +0 leather armour (worn)
Jewellery
 c - a ring of see invisible (left hand)
 n - an amulet of regeneration (around neck)
Scrolls
 d - a scroll of fog {unknown}
 f - 2 scrolls of identify {unknown}
 g - a scroll of teleportation {unknown}
Potions
 h - a potion of degeneration {unknown}
 l - a potion of curing {unknown}
 m - a potion of mutation {unknown}


   Skills:
 + Level 1.4 Fighting
 + Level 1.3 Short Blades
 - Level 2.1 Dodging
 + Level 2.3 Stealth
 * Level 3.2 Spellcasting
 + Level 1.5 Invocations


You couldn't memorise any spells.
You knew the following spells:

 Your Spells              Type           Power      Damage    Failure   Level
a - Sting                 Tmut/Pois      52%        1d5       7%          1
b - Poisonous Vapours     Pois/Air       26%        N/A       11%         2
c - Mephitic Cloud        Conj/Pois/Air  13%        N/A       21%         3
d - Ignite Poison         Fire/Tmut/Pois 13%        N/A       21%         3
e - Olgreb's Toxic Radia  Pois           13%        N/A       56%         4
f - Animate Skeleton      Necr           26%        N/A       7%          1
g - Passwall              Tmut/Erth      10%        N/A       11%         2
Your spell library was empty.

Dungeon Overview and Level Annotations

Branches:
Dungeon (3/15)

Altars:
Gozag

Annotations:
D:3 Robin


Innate Abilities, Weirdness & Mutations

You are immune to sickness and miasma.
You are immune to poison.
Your flesh is very heat resistant. (rF++)
You are vulnerable to cold. (rC-)
You float through the air rather than walking.
You learn spells naturally, not from books.
Your magical power is your life essence.
You have superior vitality. (+4 HP)


Message History

Robin throws the goblin at you!
The goblin hits you with a +0 dagger. x2
The goblin hits you but does no damage. The hobgoblin hits you.
The goblin unwields a +2 hunting sling of flaming.
It stops flaming.
The goblin wields a +0 dagger.
The goblin hits you with a +0 dagger. x2
* * * LOW HITPOINT WARNING * * *
The goblin barely misses you. The goblin hits you with a +0 dagger.
* * * LOW HITPOINT WARNING * * *
Your magical contamination has completely faded away.
You fly upwards.
There is a stone staircase leading down here.
You hit the goblin.
The goblin is poisoned.
The goblin is severely wounded.
You kill the goblin!
The goblin hits you with a +0 dagger.
* * * LOW HITPOINT WARNING * * *
You barely miss the hobgoblin.
The goblin no longer looks unusually strong.
The goblin hits you with a +0 dagger.
* * * LOW HITPOINT WARNING * * *
The hobgoblin hits you.
* * * LOW HITPOINT WARNING * * *
The goblin barely misses you.
You closely miss the hobgoblin.
The goblin no longer looks unusually strong.
The goblin closely misses you.
The hobgoblin hits you but does no damage.
The goblin closely misses you.
You hit the hobgoblin but do no damage.
The hobgoblin no longer looks unusually strong.
The goblin hits you with a +0 dagger.
* * * LOW HITPOINT WARNING * * *
The hobgoblin hits you.
* * * LOW HITPOINT WARNING * * *
The goblin completely misses you.
You hit the hobgoblin.
The hobgoblin is poisoned.
The hobgoblin is moderately wounded.
The goblin closely misses you. The hobgoblin hits you.
You die...

.# ♣..♣♣♣.♣###...........# .#
♣......♣ #..##.......# .#
♣♣♣♣♣♣♣♣ ##.......#### ##
######## #.#####.##### #
#......####.# #.....#
######.........#.# #####.#
....##.....###.#.# #.#
###.##.......#.#g# #.######
#.########.#.#@#########.#.....
#.# #.......#gg.........#.####
#.# #.###.###g###########.#
#.####.# #.#.....÷...# #<#.####
#....#.# #.#.#.###.#.###.#)##..
####.#.# #.#.#.#.........#.##.#
#.#.# #.#.#.#.###.#####.##.#
#.#.# #...#.#.# #.# #.#<.#
#.#.#######.#.# #.# #.....


You could see a hobgoblin (very poisoned) and 3 goblins.

Vanquished Creatures
  Jessica (D:2)
  2 adders (D:2)
  3 dart slugs
  7 endoplasms
  2 giant cockroaches
  13 goblins
  2 hobgoblins
  4 jackals (D:1)
  6 kobolds
  A quokka (D:2)
  7 ball pythons
  7 bats
  6 frilled lizards
  7 rats
68 creatures vanquished.

Notes
Turn   | Place    | Note
-------+----------+-------------------------------------------
     0 | D:1      | bilbop the Djinni Venom Mage began the quest for the Orb.
     0 | D:1      | Reached XP level 1. HP: 15/15 MP: 0/0
   335 | D:1      | Reached XP level 2. HP: 19/21 MP: 0/0
   976 | D:1      | Reached XP level 3. HP: 25/26 MP: 0/0
   976 | D:1      | Learned a level 1 spell: Animate Skeleton
  1071 | D:1      | Reached skill level 1 in Invocations
  1530 | D:1      | Found a faded altar of an unknown god.
  1725 | D:2      | Found an opulent altar of Gozag.
  1790 | D:2      | Noticed Jessica
  1801 | D:2      | Killed Jessica
  1802 | D:2      | Reached skill level 1 in Fighting
  1802 | D:2      | Reached skill level 1 in Short Blades
  1802 | D:2      | Reached XP level 4. HP: 15/32 MP: 0/0
  2096 | D:2      | Reached skill level 3 in Spellcasting
  2929 | D:2      | Reached XP level 5. HP: 32/37 MP: 0/0
  2929 | D:2      | Learned a level 2 spell: Passwall
  3305 | D:3      | Noticed Robin
  3321 | D:2      | HP: 1/37 [hobgoblin[Robin] (6)]
  3324 | D:2      | Slain by a hobgoblin

Illustrated notes

Levels and vault maps discovered:
D:1:      amcnicky_arrival_underground_garden, layout_basic,
          shapermc_ecumenical_altar_mp_vishouse
D:2:      layout_basic, basic_altar, kennysheep_generic_room_7, uniq_jessica
D:3:      layout_basic, uniq_sigmund, uniq_robin, uniq_terence

Skill      XL: |  1  2  3  4 |
---------------+-------------+-----
Invocations    | 1 |  1.5
Fighting       | 1 |  1.4
Short Blades   | 1 |  1.3
Stealth        | 2 |  2.3
Spellcasting   | 3 |  3.2
Dodging        | |  2.1

Action                   |  1- 3 |  4- 6 || total
-------------------------+-------+-------++-------
Melee: Dagger            |    27 |    65 ||    92
 Cast: Sting             |    37 |    15 ||    52
       Poisonous Vapours |     4 |     4 ||     8
       Mephitic Cloud    |       |     1 ||     1
       Ignite Poison     |       |     1 ||     1
 Stab: Sleeping          |     3 |     3 ||     6
Armor: Robe              |    14 |     4 ||    18
       Leather armour    |       |    12 ||    12
Dodge: Dodged            |    34 |    46 ||    80

Table legend: (Time is in decaauts)
 A = Elapsed time spent in this place.
 B = Non-inter-level travel time spent in this place.
 C = Inter-level travel time spent in this place.
 D = Time resting spent in this place.
 E = Time spent auto-exploring this place.
 F = Levels seen in this place.
 G = Mean time per level.
                   A        B        C        D        E       F      G
               +--------+--------+--------+--------+--------+-----+--------+
         Total |   3317 |   3285 |     32 |    909 |   1927 |   3 | 1105.7 |
       Dungeon |   3317 |   3285 |     32 |    909 |   1927 |   3 | 1105.7 |
               +--------+--------+--------+--------+--------+-----+--------+

Top non-repeatable levels by time:
     D:1: 1723 daAuts
     D:2: 1391 daAuts
     D:3: 202 daAuts
